Unix NetHack Version 5.0.0-0 post-release - last build May 23 2026 06:08:33 (1c0ff79ee797540d5714e4e18072db0edd9e58ae,branch:main).

Game began 2026-05-26 01:36:16, ended 2026-05-26 04:23:08.

FalseGod, chaotic female elven Wizard

                          ---------             -----------
                          -.......               ......  .|
                          |.{.....-  -----  -----....-  -.|
                          |.......|  |...|  |/*.-%...|  |.|
                          |.......+  |...|  |?1.|.---|  |.|
                          | -----.---|..  --|%(.|.|..|  |.|
                            |...|....-|--- .|----.|..|+--.|
                            |.!.-........| .|..-..--|-....|
                          | -----..-----.--.|..1..........|
                          |........|...-.W.r|----.--|-..{.|
                          |. ---|-.|...|...F|..u|.|..|....|
                          |  |...|.-------.Y@...|.|..||--.|
                             |(((|..|.....-M|.i.|.|..|..|.|            -------
                             |(((|..|..|..|.|..@|1---|..|.|           #|.....|
                          |  -----..-|-----.-----....----.|#       ####-[....|
                          |................................#)#######  #|.<...|
                          ---------------------------------#           |.....|
                                                       #####           ......|
                                                                       -------

FalseGod the Thaumaturge  St:11 Dx:13 Co:13 In:20 Wi:11 Ch:11  Chaotic
Dlvl:8  $:319 HP:0(50) Pw:4(91) AC:9  Xp:8 T:5903  Strained

Latest messages:
 The yeti hits again!
 The yeti bites!
 r - a thonged club.
 You have much trouble lifting a dwarf corpse.  Continue? [ynq] (q) y
 You have much trouble lifting P - a dwarf corpse.
 You stagger under your heavy load.  Movement is very hard.
 The barrow wight throws a knife!
 The knife misses the lichen.
 You are hit by a knife.
 The yeti hits!
 The yeti hits again!
 The yeti bites!
 The yeti hits!
 The yeti hits again!
 The yeti bites!
 The black unicorn appears close by!
 The yeti hits!
 The yeti hits again!
 The yeti bites!
 The yeti hits!
 The yeti hits again!
 The yeti bites!
 What do you want to drop? [$b-iknp-svxA-ILMPRSWZ or ?*] <esc>
 Never mind.
 "Pilgrim, you enter a sacred place!"
 You experience a sense of peace.
 The yeti hits!
 The yeti hits again!
 The yeti bites!
 The yeti hits!
 The yeti hits again!
 The yeti bites!
 The elf mummy hits!
 The yeti hits!
 The yeti hits again!
 The yeti bites!
 The yeti hits!
 The yeti hits again!
 The yeti bites!
 You don't have enough stamina to move.
 The elf mummy hits!
 The yeti hits!
 The yeti hits again!
 The yeti bites!
 You die...
 Do you want your possessions identified? [ynq] (y) y
 Do you want to see your attributes? [ynq] (y) y
 Do you want an account of creatures vanquished? [ynaq] (y) n
 Do you want to see your conduct and achievements? [ynq] (y) y
 Do you want to see the dungeon overview? [ynq] (y) n

Inventory:
 Coins    ('$')
  $ - 319 gold pieces
 Weapons  (')')
  B - 8 +0 darts
  G - the +0 Sting (weapon in right hand)
  r - a blessed +0 aklys
 Armor    ('[')
  Z - an uncursed +0 dwarvish iron helm
  S - an uncursed +0 pair of iron shoes
  b - an uncursed +0 cloak of magic resistance (being worn)
 Comestibles  ('%')
  q - an uncursed food ration
  p - an uncursed tin of stir fried quivering blob
  P - an uncursed dwarf corpse
 Scrolls  ('?')
  i - an uncursed scroll of confuse monster
  s - a cursed scroll of enchant armor
  I - a cursed scroll of identify
  k - a blessed scroll of magic mapping
  C - a cursed scroll of magic mapping
  A - a blessed scroll of teleportation
 Potions  ('!')
  v - 2 uncursed potions of extra healing
  f - a blessed potion of invisibility
  R - an uncursed potion of monster detection
  L - an uncursed potion of restore ability
  h - an uncursed potion of see invisible
  F - an uncursed potion of speed
  g - 3 potions of holy water
 Rings    ('=')
  e - an uncursed ring of fire resistance (on left hand)
  d - an uncursed ring of see invisible (on right hand)
 Wands    ('/')
  W - a wand of digging (0:8)
  x - a wand of digging (0:2)
  c - a wand of secret door detection (0:11)
  M - a wand of slow monster (0:6)
 Tools    ('(')
  n - a magic marker (0:21)
  H - the blessed Master Key of Thievery
  E - a blessed oil lamp
  D - a +0 pick-axe

FalseGod the Wizard's attributes:

Background:
 You were a Thaumaturge, a level 8 female elven Wizard.
 You were chaotic, on a mission for Anhur
 who was opposed by Ptah (lawful) and Thoth (neutral).
 You were right-handed.
 You were in the Gnomish Mines, on level 8.
 You entered the dungeon 5903 turns ago.
 It was nighttime.
 You had 1317 experience points, 1243 more were needed to attain level 9.

Basics:
 You had 0 out of 50 hit points.
 You had 4 out of 91 energy points (spell power).
 Your armor class was 9.
 Your wallet contained 319 zorkmids.
 Autopickup was off.

Final Characteristics:
 Your strength was 11 (limit:18).
 Your dexterity was 13 (limit:18).
 Your constitution was 13 (limit:16).
 Your intelligence was 20 (limit:20).
 Your wisdom was 11 (limit:20).
 Your charisma was 11 (limit:18).

Final Status:
 You weren't hungry.
 You were strained; movement was very slowed.
 You were wielding a dagger.
 You were skilled in dagger.

Final Attributes:
 You were piously aligned.
 You were magic-protected.
 You were fire resistant.
 Your items were protected from fire.
 You were sleep resistant.
 You saw invisible.
 You were telepathic.
 You were warned.
 You were aware of the presence of orcs.
 You had infravision.
 You had teleport control.
 You were warded.
 You took half physical damage.
 You are dead.

Miscellaneous:
 You encountered 1 bones level.
 Total elapsed playing time was 2 hours, 46 minutes and 51 seconds.

Major events:
 Turn
    1: FalseGod the chaotic female elven Wizard entered the dungeon
  797: attained the rank of Conjurer (level 3)
  863: chose an elven dagger to be named "Sting"
 1589: entered the Gnomish Mines
 2753: attained the rank of Thaumaturge (level 6)
 3857: reached Mine Town
 4939: made her first wish - "the blessed master key of thievery", got "a key named the Master Key of Thievery"
 5903: killed by a yeti

Spells:
 Name                 Level Category     Fail Retention
 force bolt             1   attack         0%   71%-75%
 create monster         2   clerical      29%   51%-75%
 healing                1   healing        0%   51%-75%

Skills:
 Fighting Skills
   bare handed combat [Unskilled]
   riding             [Unskilled]
 Weapon Skills
   dagger             [Skilled]
   knife              [Unskilled]
   axe                [Unskilled]
   short sword        [Unskilled]
   club               [Unskilled]
   mace               [Unskilled]
   quarterstaff       [Basic]
   polearms           [Unskilled]
   spear              [Unskilled]
   trident            [Unskilled]
   sling              [Unskilled]
   dart               [Unskilled]
   shuriken           [Unskilled]
 Spellcasting Skills
   attack spells      [Skilled]
   healing spells     [Unskilled]
   divination spells  [Unskilled]
   enchantment spells [Basic]
   clerical spells    [Unskilled]
   escape spells      [Unskilled]
   matter spells      [Unskilled]

Voluntary challenges:
 Character rerolling was not enabled.
 You never genocided any monsters.
 You never polymorphed an object.
 You never changed form.
 You used 1 wish (for an artifact).
Achievements:
 You entered a shop.
 You attained the rank of Conjurer.
 You entered the Gnomish Mines.
 You attained the rank of Thaumaturge.
 You entered Minetown.
 You entered a temple.

 The Dungeons of Doom: levels 1 to 5
    Level 1:
    Level 2:
       A general store, a fountain.
    Level 3:
       A general store, some fountains.
    Level 4: "vault"
       Some fountains.
       Stairs down to The Gnomish Mines.
    Level 5:
 The Gnomish Mines: levels 5 to 8
    Level 5: "healbook DR"
    Level 6: "bones + books"
       A grave.
       Final resting place for
          levoittiel-Cav-Dwa-Fem-Law, killed by a large kobold, while frozen by a floating eye's gaze.
    Level 7:
    Level 8: <- You were here.
       Many shops, a temple and an altar to Anhur, some fountains.
       Final resting place for
          you, killed by a yeti.


Vanquished creatures:
  a ghost
  a leprechaun
 an iron piercer
 an orc mummy
 an owlbear
  a gold golem
  a chickatrice
  a dog
  a jaguar
  a gnome mummy
  3 soldier ants
  a rock mole
  a pony
  a shrieker
  5 gnome leaders
  2 gnomish wizards
 an elf zombie
  a ghoul
  2 giant ants
  2 floating eyes
  a kitten
  7 dwarves
  a homunculus
  a kobold shaman
 10 hill orcs
  a rabid rat
  2 centipedes
  a monkey
  2 orc zombies
  a werejackal
  5 iguanas
 an acid blob
  4 coyotes
  3 gas spores
  5 hobbits
  2 large kobolds
  a hobgoblin
  a giant rat
  a cave spider
  a red mold
 24 gnomes
  a gnome zombie
  6 geckos
  6 jackals
  2 foxes
  a kobold
  2 goblins
  3 sewer rats
  a grid bug
  a bat
  3 lichens
  a kobold zombie
  6 newts
137 creatures vanquished.

No species were genocided or became extinct.

Game over:
                       ----------
                      /          \
                     /    REST    \
                    /      IN      \
                   /     PEACE      \
                  /                  \
                  |     FalseGod     |
                  |      319 Au      |
                  | killed by a yeti |
                  |                  |
                  |                  |
                  |                  |
                  |       2026       |
                 *|     *  *  *      | *
        _________)/\\_//(\/(/\)/\//\/|_)_______

Goodbye FalseGod the Wizard...

You died in The Gnomish Mines on dungeon level 8 with 5976 points,
and 319 pieces of gold, after 5903 moves.
You were level 8 with a maximum of 50 hit points when you died.

